 Dungeon Crawl Stone Soup version 0.27-a0-951-gae3e1deef5 (webtiles) character file.

Game seed: 7080055219283526838

32 jasper the Sneak (level 3, -8/29 HPs)
             Began as a Demonspawn Delver on Apr 11, 2021.
             Splashed by a jelly's acid (9 damage)
             ... on level 6 of the Dungeon.
             The game lasted 00:00:42 (404 turns).

jasper the Sneak (Demonspawn Delver)                 Turns: 404, Time: 00:00:43

Health: -8/29      AC: -5    Str: 12    XL:     3   Next: 10%
Magic:  3/3        EV: 11    Int: 12    God:
Gold:   0          SH:  0    Dex: 14    Spells: 2/2 levels left

rFire    . . .     SeeInvis .     - Unarmed
rCold    + . .     Faith    .   (no shield)
rNeg     . . .     Spirit   .   e - +0 leather armour {rC+}
rPois    .         Reflect  .   (no helmet)
rElec    .         Harm     .   (no cloak)
rCorr    .         Rampage  .   (no gloves)
Will     .....                  (no boots)
Stlth    ++........             (no amulet)
HPRegen  0.09/turn              (no ring)
MPRegen  0.08/turn              (no ring)

@: corroded
A: claws 1, ignite blood 1
a: no special abilities


You were on level 6 of the Dungeon.
You visited 1 branch of the dungeon, and saw 2 of its levels.

Inventory:

Missiles
 j - 19 stones (quivered)
Armour
 a - a +0 leather armour
 e - a +0 leather armour of cold resistance (worn)
 i - a +0 chain mail
Wands
 f - a wand of digging (3)
 h - a wand of random effects (8)
Scrolls
 b - a scroll of fog
 c - a scroll of magic mapping
 d - a scroll of fear
 g - a scroll of immolation {unknown}


   Skills:
 - Level 3.0 Fighting
 - Level 1.7 Dodging
 - Level 4.5 Stealth
 + Level 3.3 Unarmed Combat


You had 2 spell levels left.
You didn't know any spells.
Your spell library was empty.

Dungeon Overview and Level Annotations

Branches:
Dungeon (6/15)
 Temple: D:4-7

Altars:


Innate Abilities, Weirdness & Mutations

You have sharp fingernails.
Your demonic aura sometimes causes spilled blood to erupt in flames


Message History

You see here 19 stones.
j - 19 stones A jelly comes into view.
Aiming: Random Effects
Press: ? - help, Shift-Dir - straight line, f - jelly
Aim: a jelly (asleep)
The jelly quivers.
The jelly is outlined in light.
That's the wrong kind of item! (Use * to select it.) Evoke which item? (* to show all) (? for menu, Esc to quit)
Aiming: Random Effects
Press: ? - help, Shift-Dir - straight line, f/p - jelly
Aim: a jelly (softly glowing)
The jelly flickers and vanishes for a moment.
Aiming: Random Effects
Press: ? - help, Shift-Dir - straight line, f/p - jelly
Aim: a jelly (slightly transparent, softly glowing)
The jelly seems to slow down.
Aiming: Random Effects
Press: ? - help, Shift-Dir - straight line, f/p - jelly
Aim: a jelly (slightly transparent, slow, softly glowing)
The jelly resists with significant effort.
Aiming: Random Effects
Press: ? - help, Shift-Dir - straight line, f/p - jelly
Aim: a jelly (slightly transparent, slow, softly glowing)
The jelly resists with significant effort.
The jelly stops glowing and disappears.
Something hits you but does no damage.
Deactivating autopickup; reactivate with Ctrl-A.
You scratch something. The acid corrodes you!
Your claws burn!
You take 5 damage, and have 24/29 hp.
You scratch something.
Your claws burn!
Something hits you.
You are splashed with acid!
You take 15 damage, and have 9/29 hp.
MASSIVE DAMAGE!!
You scratch something.
Your claws burn!
* * * LOW HITPOINT WARNING * * *
Something hits you.
* * * LOW HITPOINT WARNING * * *
The acid corrodes you!
You are splashed with acid!
You die...

#. .... #.##...
#............
#....... ... .
#.##.#.# #.# .#
#.##.#.###.#####.#
#.#..#.#.........#
##.#.....>......#
#......@........#
#...............#
#.##..<.........#
#.##.#....).....#
#.##.#..........#
#........###.####
######.### #...
#.# ##### #.#


There were no monsters in sight!

Vanquished Creatures
  A bullfrog zombie (D:6)
1 creature vanquished.

Notes
Turn   | Place    | Note
-------+----------+-------------------------------------------
     0 | D:5      | jasper the Demonspawn Delver began the quest for the Orb.
     0 | D:5      | Reached XP level 1. HP: 18/18 MP: 1/1
    42 | D:6      | Gained mutation: You have sharp fingernails. [demonic
                  | ancestry]
    42 | D:6      | Reached XP level 2. HP: 1/24 MP: 2/2
    42 | D:6      | Gained mutation: Your demonic aura sometimes causes spilled
                  | blood to erupt in flames [demonic ancestry]
    42 | D:6      | Reached XP level 3. HP: 1/29 MP: 3/3
   404 | D:6      | HP: 1/29 [something (3)]
   404 | D:6      | Splashed by a jelly's acid

Illustrated notes

Levels and vault maps discovered:
D:5:      layout_basic, uniq_grinder
D:6:      layout_loops_cross, uniq_sigmund

Skill      XL: |  1 |
---------------+----+-----
Unarmed Combat | 3 |  3.3
Fighting       | |  3.0
Dodging        | |  1.7
Stealth        | |  4.5

Action                   || total
-------------------------++-------
Melee: Unarmed           ||    21
Evoke: Wand              ||     5
  Use: Potion            ||     1
Armor: Leather armour    ||     3
Dodge: Dodged            ||     7

Table legend: (Time is in decaauts)
 A = Elapsed time spent in this place.
 B = Non-inter-level travel time spent in this place.
 C = Inter-level travel time spent in this place.
 D = Time resting spent in this place.
 E = Time spent auto-exploring this place.
 F = Levels seen in this place.
 G = Mean time per level.
                   A        B        C        D        E       F      G
               +--------+--------+--------+--------+--------+-----+--------+
         Total |    386 |    386 |      0 |    303 |      3 |   2 |  193.0 |
       Dungeon |    386 |    386 |      0 |    303 |      3 |   2 |  193.0 |
               +--------+--------+--------+--------+--------+-----+--------+

Top non-repeatable levels by time:
     D:6: 372 daAuts
     D:5: 14 daAuts
